 Dungeon Crawl Stone Soup version 0.27.1-33-g824d729ab1 (webtiles) character file.

Game seed: 4622354384954053434

224 ig889090 the Chopper (level 5, -1/45 HPs)
             Began as a Minotaur Gladiator on Dec 3, 2021.
             Asphyxiated
             ... in a sewer.
             The game lasted 00:17:10 (2766 turns).

ig889090 the Chopper (Minotaur Gladiator)           Turns: 2766, Time: 00:17:11

Health: -1/45      AC:  4    Str: 20    XL:     5   Next: 67%
Magic:  4/4        EV: 12    Int:  5    God:
Gold:   79         SH:  0    Dex: 11    Spells: 4/4 levels left

rFire    . . .     SeeInvis .   a - +0 war axe
rCold    . . .     Faith    .   (no shield)
rNeg     . . .     Spirit   .   b - +0 leather armour
rPois    +         Reflect  .   c - +0 hat
rElec    .         Harm     .   o - +0 cloak {rPois}
rCorr    .         Rampage  .   (no gloves)
Will     .....                  (no boots)
Stlth    +.........             (no amulet)
HPRegen  0.15/turn              (no ring)
MPRegen  0.09/turn              (no ring)

@: no status effects
A: horns 2, retaliatory headbutt
a: no special abilities


You were in a sewer.
You visited 1 branch of the dungeon, and saw 3 of its levels.
You also visited: Sewer.

You collected 79 gold pieces.

Inventory:

Hand Weapons
 a - a +0 war axe (weapon)
 n - a +3 quarterstaff of chaos
Missiles
 d - 3 throwing nets (quivered)
 k - 52 stones
Armour
 b - a +0 leather armour (worn)
 c - a +0 hat (worn)
 o - a +0 cloak of poison resistance (worn)
Scrolls
 g - a scroll of magic mapping {unknown}
 j - a scroll of fear {unknown}
 l - a scroll of blinking {unknown}
 q - a scroll of teleportation {unknown}
Potions
 e - 2 potions of lignification {unknown}
 f - a potion of might {unknown}
 h - a potion of haste {unknown}
 i - 2 potions of flight {unknown}
 m - a potion of mutation {unknown}
 p - a potion of magic {unknown}


   Skills:
 + Level 3.4 Fighting
 + Level 5.8 Axes
 + Level 2.3 Throwing
 + Level 2.7 Armour
 + Level 3.9 Dodging
 + Level 0.6 Stealth


You had 4 spell levels left.
You didn't know any spells.
Your spell library contained the following spells:

 Spells                   Type           Power      Damage    Failure   Level
 Slow                     Hex            0%         N/A       67%         2
 Confusing Touch          Hex            0%         N/A       88%         3
 Ignite Poison            Fire/Tmut/Pois 0%         N/A       88%         3
 Teleport Other           Tloc           0%         N/A       88%         3
 Vampiric Draining        Necr           0%         2d6       88%         3
 Alistair's Intoxication  Tmut/Pois      0%         N/A       100%        5


Dungeon Overview and Level Annotations

Branches:
Dungeon (3/15)              Sewer (1/1)

Altars:


Innate Abilities, Weirdness & Mutations

You have a pair of horns on your head.
You reflexively headbutt those who attack you in melee.


Message History

You closely miss the kobold brigand.
The kobold brigand is lightly wounded.
You closely miss the kobold. The kobold brigand closely misses you.
The kobold hits you but does no damage.
You barely miss the kobold brigand.
The kobold brigand is lightly wounded.
You hit the kobold but do no damage. The kobold brigand closely misses you.
You furiously retaliate!
You headbutt the kobold brigand, but do no damage.
The kobold misses you. You furiously retaliate!
You headbutt the kobold!
You kill the kobold!
You hit the kobold brigand.
The kobold brigand is moderately wounded.
The kobold brigand hits you with a +2 vampiric whip.
The kobold brigand draws strength from your wounds!
You slash the kobold brigand!
Your headbutt misses the kobold brigand.
The kobold brigand is heavily wounded.
The kobold brigand hits you with a +2 vampiric whip!
The kobold brigand draws strength from your wounds!
The kobold brigand hits you with a +2 vampiric whip.
* * * LOW HITPOINT WARNING * * *
The kobold brigand draws strength from your wounds!
The kobold brigand hits you with a +2 vampiric whip.
* * * LOW HITPOINT WARNING * * *
The kobold brigand draws strength from your wounds!
The kobold brigand throws a curare-tipped dart.
The curare-tipped dart closely misses you.
The kobold brigand throws a curare-tipped dart.
The curare-tipped dart hits you.
The kobold brigand throws a curare-tipped dart.
The curare-tipped dart hits you.
The kobold brigand throws a curare-tipped dart.
The curare-tipped dart barely misses you.
You see here a rat corpse.
The kobold brigand throws a curare-tipped dart.
The curare-tipped dart closely misses you.
The kobold brigand throws a curare-tipped dart.
The curare-tipped dart hits you.
You have difficulty breathing.
You die...

##....≈≈≈≈≈≈≈.
##.K...≈≈≈≈≈≈..
#.......≈≈≈≈≈.
#.......≈≈≈≈≈
#.......≈≈≈≈
##†......≈≈≈
#.......≈≈≈
##......≈≈≈
####.@.....≈≈
#∩###††....≈≈
#.###......≈≈
#..#.......≈≈
##.........≈≈
##........≈≈
##.......≈≈
#......≈≈≈
......≈≈≈≈


You could see a kobold brigand.

Vanquished Creatures
  An orc priest (D:2)
  Crazy Yiuf (D:2)
  Jessica (D:2)
  7 adders
  4 worms (D:3)
  2 dart slugs (D:2)
  4 orcs (D:2)
  4 bats
  6 endoplasms
  3 giant cockroaches (D:2)
  7 goblins
  2 hobgoblins
  3 jackals (D:3)
  2 quokkas (D:2)
  3 ball pythons
  2 frilled lizards
  5 kobolds
  9 rats
66 creatures vanquished.

Vanquished Creatures (others)
  2 fungi (D:2)
2 creatures vanquished.

Grand Total: 68 creatures vanquished

Notes
Turn   | Place    | Note
-------+----------+-------------------------------------------
     0 | D:1      | ig889090 the Minotaur Gladiator began the quest for the
                  | Orb.
     0 | D:1      | Reached XP level 1. HP: 18/18 MP: 0/0
    60 | D:1      | Got the Tome of Cankerous Translocation
   346 | D:1      | Reached XP level 2. HP: 25/25 MP: 1/1
   650 | D:2      | Reached skill level 4 in Axes
   784 | D:2      | Reached XP level 3. HP: 22/30 MP: 2/2
   912 | D:2      | Reached skill level 1 in Armour
   913 | D:2      | Reached XP level 4. HP: 18/37 MP: 3/3
  1396 | D:2      | Found a runed translucent door.
  1397 | D:2      | Noticed Crazy Yiuf
  1402 | D:2      | Killed Crazy Yiuf
  1403 | D:2      | Reached skill level 5 in Axes
  1511 | D:2      | Noticed Jessica
  1528 | D:2      | Killed Jessica
  1529 | D:2      | Reached XP level 5. HP: 31/45 MP: 4/4
  2656 | D:3      | Found a glowing drain.
  2698 | Sewer    | Entered a sewer
  2766 | Sewer    | Asphyxiated

Illustrated notes

Levels and vault maps discovered:
D:1:      kennysheep_arrival_forest, layout_basic
D:2:      layout_loops_cross, hangedman_decor_points, uniq_crazy_yiuf_cottage,
          uniq_jessica
D:3:      layout_basic, lightli_sewer_entry_pipes
Sewer:    sewer_minmay_treatment

Skill      XL: |  1  2  3  4 |
---------------+-------------+-----
Axes           | 4 5 |  5.8
Armour         | 1 2 |  2.7
Fighting       | 3 |  3.4
Throwing       | |  2.3
Dodging        | |  3.9
Stealth        | |  0.6

Action                   |  1- 3 |  4- 6 || total
-------------------------+-------+-------++-------
Melee: War axe           |    37 |   129 ||   166
       Headbutt          |     5 |    20 ||    25
 Stab: Sleeping          |       |     1 ||     1
Armor: Leather armour    |     5 |    34 ||    39
Dodge: Dodged            |    32 |    70 ||   102
